 Dungeon Crawl Stone Soup version 0.32-a0-699-g1ee5eff69a (webtiles) character file.

Game seed: 6940671962205910449

10899 runemasterragnar the Covert (level 11, -6/75 HPs)
             Began as an Octopode Conjurer on Mar 13, 2024.
             Was a Priest of Kikubaaqudgha.
             Mangled by a troll (13 damage)
             ... on level 11 of the Dungeon.
             The game lasted 00:38:05 (16298 turns).

runemasterragnar the Covert (Octopode Conjurer)    Turns: 16298, Time: 00:38:06

Health: -6/75      AC:  2    Str: 11    XL:     11   Next: 69%
Magic:  33/33      EV: 16    Int: 21    God:    Kikubaaqudgha [***...]
Gold:   607        SH:  0    Dex: 16    Spells: 17/28 levels left

rFire   . . .        B - +4 trident (pain)
rCold   . . .        (no shield)
rNeg    . . .        d - +1 hat
rPois   .            t - amulet of magic regeneration
rElec   .            k - +6 ring of dexterity
rCorr   .            E - ring of magical power
SInv    .            (no ring)
Will    .....        (no ring)
Stlth   ++++++       (no ring)
HPRegen 0.32/turn    (no ring)
MPRegen 0.63/turn    (no ring)
                     (no ring)

%: no passive effects
@: no status effects
A: almost no armour, amphibious, 8 rings, camouflage 1, gelatinous body 1,
(nimble swimmer 1), tentacles
a: Renounce Religion, Unearth Wretches


You were on level 11 of the Dungeon.
You worshipped Kikubaaqudgha.
Kikubaaqudgha was most pleased with you.
You visited 3 branches of the dungeon, and saw 13 of its levels.

You collected 607 gold pieces.

Inventory:

Hand Weapons
 b - a +0 dagger
 g - a +4 dagger of speed
 l - the +8 demon blade "Leech" {evervamp, Harm ^Drain rN+}
   (You found it on level 1 of the Lair of Beasts)

   rN+:       It protects you from negative energy.
   ^Drain:    It drains your maximum health when unequipped.
   Harm:      It increases damage dealt and taken.
 n - a +0 flail of protection
 o - a +3 spear
 v - a +3 trident of draining
 B - a +4 trident of pain (weapon)
Missiles
 y - 5 throwing nets
Armour
 d - a +1 hat (worn)
 m - an orb of guile
 p - a +0 buckler
Jewellery
 k - a +6 ring of dexterity (left tentacle)
 q - a ring of fire
 t - an amulet of magic regeneration (around mantle)
 E - a ring of magical power (right tentacle)
Talismans
 f - a beast talisman
Wands
 c - a wand of mindburst (10)
 j - a wand of warping (1)
 x - a wand of flame (12)
 H - a wand of charming (10)
Scrolls
 h - a scroll of noise
 s - 2 scrolls of fog
 u - a scroll of fear
 w - a scroll of teleportation
 G - a scroll of revelation
Potions
 a - 2 potions of magic
 e - 3 potions of degeneration
 i - 4 potions of cancellation
 r - 4 potions of curing
 z - a potion of lignification
 A - a potion of berserk rage
 C - a potion of mutation


   Skills:
 + Level 7.1 Fighting
 + Level 7.5 Dodging
 + Level 10.4 Stealth
 * Level 9.0 Spellcasting
 - Level 5.8 Conjurations
 * Level 8.4 Necromancy


You had 17 spell levels left.
You knew the following spells:

 Your Spells              Type           Power      Damage    Failure   Level
a - Magic Dart            Conj           100%       1d8       1%          1
b - Searing Ray           Conj           66%        2d6       1%          2
c - Kiss of Death         Conj/Necr      100%       2d13      1%          1
d - Necrotise             Necr           100%       1d9       1%          1
e - Cigotuvi's Dreadful   Necr/Alch/Air  42%        N/A       3%          2
f - Animate Dead          Necr           44%        N/A       2%          4

Your spell library contained the following spells:

 Spells                   Type           Power      Damage    Failure   Level
 Dispel Undead            Necr           44%        3d17      2%          4
 Dazzling Flash           Conj/Hex       42%        N/A       6%          3
 Curse of Agony           Necr           44%        N/A       6%          5
 Mephitic Cloud           Conj/Alch/Air  17%        N/A       10%         3
 Anguish                  Hex/Necr       13%        N/A       13%         4
 Martyr's Knell           Necr/Summ      27%        N/A       13%         4
 Fulminant Prism          Conj/Alch      10%        3d8       22%         4
 Iskenderun's Mystic Bla  Conj/Tloc      21%        2d6       22%         4
 Death Channel            Necr           22%        N/A       34%         6
 Cause Fear               Hex            4%         N/A       56%         4
 Olgreb's Toxic Radiance  Alch           9%         N/A       56%         4
 Silence                  Hex/Air        4%         N/A       89%         5
 Summon Forest            Summ/Tloc      4%         N/A       89%         5
 Summon Mana Viper        Hex/Summ       9%         N/A       89%         5
 Summon Cactus Giant      Summ           4%         N/A       100%        6
 Enfeeble                 Hex            4%         N/A       100%        7
 Ozocubu's Refrigeration  Ice            4%         4d8       100%        7
 Discord                  Hex            4%         N/A       100%        8


Dungeon Overview and Level Annotations

Branches:
Dungeon (11/15)            Temple (1/1) D:4            Lair (1/5) D:11
    Orc: D:9-12

Altars:
Ashenzari
Cheibriados
Dithmenos
Elyvilon
Fedhas
Gozag
Hepliaklqana
Kikubaaqudgha
Makhleb
Nemelex Xobeh
Okawaru
Qazlal
Ru
Sif Muna
Trog
Uskayaw
Vehumet
Wu Jian
Xom
Yredelemnul
Zin
The Shining One

Shops:
D:1 =   D:10 (

Annotations:
D:3 2 runed translucent doors, Crazy Yiuf; soul19's ghost, amateur GrFE
D:5 2 transporters, zenocrate's ghost, novice OpEE
Lair:1 Gastronok


Innate Abilities, Weirdness & Mutations

You cannot wear most types of armour.
You are amphibious.
You can wear up to eight rings at the same time.
Your skin changes colour to match your surroundings (Stealth+).
Your rubbery body absorbs attacks. (AC +1, EV +1)
((You are camouflaged when in or above water. (Stealth+)))
You have tentacles for arms and can constrict up to eight enemies at once.


Message History

The magic dart hits the komodo dragon.
The komodo dragon is lightly wounded.
Unknown command.
You climb upwards.
Welcome back to the Dungeon!
The troll bites you. The troll closely misses you. x2
There is a staircase to the Lair, spattered with blood here.
A troll is nearby!
Casting: Magic Dart (safe; 1% risk of failure)
Confirm with . or Enter, or press ? or * to list all spells.
Okay, then.
Aiming: Warp Space
Press: ? - help, Shift-Dir - straight line Space twists violently!
The rupture engulfs the troll!
The troll is lightly wounded.
You hear a shout! x2
The troll misses you. The troll claws you! The troll claws you.
Unknown command.
Aiming: Warp Space
Press: ? - help, Shift-Dir - straight line Space twists violently!
The rupture engulfs the troll!
The troll blinks!
The troll is moderately wounded.
You hear a shout!
Unknown command.
Unknown command.
Casting: Magic Dart (safe; 1% risk of failure)
Confirm with . or Enter, or press ? or * to list all spells.
Okay, then.
Aiming: Mindburst
Press: ? - help, Shift-Dir - straight line, f - troll
Aim: a troll (moderately wounded, chance to affect: 64%)
The troll struggles to resist.
Unknown command.
Aiming: Mindburst
Press: ? - help, Shift-Dir - straight line, f/p - troll
Aim: a troll (moderately wounded, chance to affect: 64%)
The troll struggles to resist.
The troll bites you!
* * * LOW HITPOINT WARNING * * *
The troll claws you!
You die...
Kikubaaqudgha rasps: You have failed me!
Welcome... death!

#bbb#b......#,,** #.#'###.
#..b#.......#...# #.#...#.
#...#.....###...########.#...#.
###.W.#.....##.....##...^..#...#.
......#(....#.......####...#...#.
......#######.....P.## #...#...#.
....................[###...#...#.
.(D..b...............#.÷...#...#.
......)<........@......#.÷.#,,.#.
................T....####..#,..#.
........####.........# #..##'##.
........#...#....(..## #........
........#...#....P..# #........
........'...##.....######........
........#...###...###..........##
........####..#................#.
...........####.........<......#.


You could see a troll.

Vanquished Creatures
  Harold (D:9)
  2 two-headed ogres
  A flayed ghost (D:11)
  A manticore (D:11)
  An elephant (D:11)
  A cane toad (Lair:1)
  A gargoyle (D:11)
  Jeremiah (D:6)
  A kobold demonologist (D:8)
  An unseen horror (D:11)
  A hornet (D:10)
  3 blink frogs (Lair:1)
  Eustachio (D:6)
  A wraith (D:11)
  3 yaks (D:10)
  Sigmund (D:3)
  A basilisk (D:11)
  4 wyverns
  Duvessa (D:6)
  A water moccasin (D:7)
  6 orc warriors
  2 black bears
  2 ogres
  A centaur (D:5)
  2 phantoms
  2 bullfrogs
  Blork the orc (D:4)
  5 gnoll sergeants
  2 scorpions
  5 wights (D:8)
  Dowan (D:6)
  A killer bee (D:11)
  6 howler monkeys
  2 electric eels (D:7)
  2 jellies
  4 orc priests
  4 gnoll boudas
  6 hounds
  3 iguanas
  Ijyb (D:3)
  6 orc wizards
  7 adders
  42 gnolls
  2 shadow imps
  A white imp (D:7)
  A dart slug (D:1)
  2 ribbon worms
  35 orcs
  7 bats
  5 endoplasms
  6 goblins
  13 hobgoblins
  7 jackals (D:7)
  2 quokkas (D:4)
  7 ball pythons
  3 kobolds
  4 rats
236 creatures vanquished.

Vanquished Creatures (collateral kills)
  A yak (D:10)
  A gnoll sergeant (D:11)
  A howler monkey (D:11)
  A gnoll (D:11)
4 creatures vanquished.

Vanquished Creatures (others)
  A wyvern zombie (D:11)
  A yak zombie (D:10)
  A black bear zombie (D:7)
  A howler monkey zombie (D:11)
  6 orc zombies
  A quokka (D:7)
  5 gnoll zombies
16 creatures vanquished.

Grand Total: 256 creatures vanquished

Notes
Turn   | Place    | Note
-------+----------+-------------------------------------------
     0 | D:1      | runemasterragnar the Octopode Conjurer began the quest for
                  | the Orb.
     0 | D:1      | Reached XP level 1. HP: 11/11 MP: 3/3
   437 | D:1      | Reached XP level 2. HP: 18/18 MP: 0/5
   606 | D:1      | Learned a level 2 spell: Searing Ray
   617 | D:1      | Reached skill level 3 in Stealth
   718 | D:1      | Found Qesa's One-of-a-Kind Rings.
  1242 | D:2      | Found a faded altar of an unknown god.
  1517 | D:2      | Reached XP level 3. HP: 19/22 MP: 4/6
  1955 | D:3      | Reached skill level 1 in Fighting
  1970 | D:3      | Reached XP level 4. HP: 23/28 MP: 4/7
  2007 | D:3      | Noticed Sigmund
  2607 | D:3      | Found a broken altar of Ashenzari.
  2642 | D:3      | Found a runed translucent door.
  2644 | D:3      | Noticed soul19's ghost (amateur GrFE)
  2875 | D:3      | Killed Sigmund
  2876 | D:3      | Reached skill level 4 in Stealth
  2876 | D:3      | Reached skill level 5 in Conjurations
  2876 | D:3      | Reached XP level 5. HP: 15/34 MP: 1/9
  2876 | D:3      | Reached XP level 6. HP: 17/39 MP: 1/10
  2982 | D:3      | Noticed Ijyb
  2996 | D:3      | Killed Ijyb
  3161 | D:3      | Found a runed translucent door.
  3162 | D:3      | Noticed Crazy Yiuf
  3643 | D:4      | Found a stormy altar of Qazlal.
  3888 | D:4      | Found a staircase to the Ecumenical Temple.
  3906 | Temple   | Entered the Ecumenical Temple
  3983 | Temple   | Became a worshipper of Kikubaaqudgha
  4285 | D:4      | Noticed Blork the orc
  4297 | D:4      | Killed Blork the orc
  4613 | D:5      | Entered Level 5 of the Dungeon
  4638 | D:5      | Reached XP level 7. HP: 45/45 MP: 9/11
  4742 | D:5      | Reached skill level 5 in Stealth
  4797 | D:5      | Found a hide-covered altar of Uskayaw.
  4817 | D:5      | Reached skill level 1 in Necromancy
  5224 | D:5      | Noticed a hornet
  5244 | D:5      | Noticed zenocrate's ghost (novice OpEE)
  5322 | D:5      | Found a transporter.
  5323 | D:5      | Found a transporter.
  5661 | D:5      | Reached * piety under Kikubaaqudgha
  5661 | D:5      | Received a gift from Kikubaaqudgha
  5664 | D:5      | Learned a level 1 spell: Kiss of Death
  5666 | D:5      | Learned a level 1 spell: Necrotise
  5699 | D:5      | Reached XP level 8. HP: 42/45 MP: 7/14
  6001 | D:6      | Learned a level 2 spell: Cigotuvi's Dreadful Rot
  6006 | D:6      | Learned a level 4 spell: Animate Dead
  6337 | D:6      | Noticed Duvessa
  6348 | D:6      | Killed Duvessa
  6349 | D:6      | Reached skill level 6 in Stealth
  6363 | D:6      | Noticed Dowan
  6367 | D:6      | Killed Dowan
  6490 | D:6      | Noticed Jeremiah
  6500 | D:6      | Killed Jeremiah
  6501 | D:6      | Reached skill level 5 in Spellcasting
  6820 | D:6      | Noticed Eustachio
  6833 | D:6      | Killed Eustachio
  7171 | D:7      | Reached skill level 7 in Stealth
  7171 | D:7      | Reached XP level 9. HP: 58/58 MP: 11/17
  7284 | D:7      | Reached skill level 5 in Dodging
  8819 | D:7      | Reached ** piety under Kikubaaqudgha
  8835 | D:7      | Reached skill level 5 in Fighting
  9212 | D:7      | Reached skill level 8 in Stealth
  9278 | D:7      | Reached skill level 5 in Necromancy
  9656 | D:7      | Found a shadowy altar of Dithmenos.
  9711 | D:7      | Reached XP level 10. HP: 13/54 MP: 20/20
 10190 | D:8      | You fall into a shaft and drop 3 floors!
 10202 | D:11     | Noticed a two-headed ogre
 10202 | D:11     | Noticed a manticore
 10204 | D:10     | Entered Level 10 of the Dungeon
 10541 | D:10     | Noticed a two-headed ogre
 10571 | D:10     | Found Midit's Weapon Emporium.
 10654 | D:8      | Found a shimmering blue altar of Sif Muna.
 10767 | D:8      | Noticed a kobold demonologist
 10783 | D:8      | Killed a kobold demonologist
 10889 | D:8      | Found a sparkling altar of Nemelex Xobeh.
 11902 | D:9      | Noticed Harold
 11918 | D:9      | Killed Harold
 11919 | D:9      | Reached skill level 9 in Stealth
 11978 | D:10     | Killed a two-headed ogre
 13055 | D:10     | Reached XP level 11. HP: 26/67 MP: 23/23
 13355 | D:10     | Found a shimmering blue altar of Sif Muna.
 13428 | D:11     | Found a staircase to the Lair.
 13439 | D:11     | Reached *** piety under Kikubaaqudgha
 13439 | D:11     | Received a gift from Kikubaaqudgha
 14642 | D:11     | Killed a two-headed ogre
 14643 | D:11     | Reached skill level 10 in Stealth
 15161 | D:11     | Noticed a tengu warrior
 15426 | D:11     | Killed a manticore
 15556 | D:11     | Noticed a flayed ghost
 15593 | D:11     | Killed a flayed ghost
 15951 | Lair:1   | Entered Level 1 of the Lair of Beasts
 15952 | Lair:1   | Found the +8 demon blade "Leech" {evervamp, Harm ^Drain
                  | rN+}
 16184 | Lair:1   | HP: 1/75 [blink frog (16)]
 16264 | Lair:1   | Noticed Gastronok
 16298 | D:11     | Mangled by a troll

Illustrated notes

Levels and vault maps discovered:
D:1:      nagdon_arrival_zigzag_paths, layout_basic, nicolae_shop_unique_rings,
          nicolae_concentric_dashed_squares_wild
D:2:      layout_rooms, basic_ecumenical_altar
D:3:      layout_loops_ring, evilmike_ruin_ashenzari, ebering_ghost_sewer_d,
          st_stairs_4, kennysheep_crisscross, uniq_ijyb,
          uniq_crazy_yiuf_cottage, uniq_sigmund
D:4:      layout_basic, mainiacjoe_overflow_boulevard,
          minmay_temple_entry_trees, nicolae_elevator_lobby_asterisk,
          uniq_blork_the_orc
D:5:      layout_basic, eat_drink_and_be_merry_uskayaw, gammafunk_ghost_hive
D:6:      layout_basic, serial_demonic, serial_demonic_f, serial_demonic_e,
          serial_demonic_d, serial_demonic_b, serial_demonic_c,
          serial_demonic_g, uniq_jeremiah, uniq_eustachio, uniq_duvessa
D:7:      layout_cave_pools, grunt_dithmenos_smoke, serial_gnoll_camp,
          gnoll_camp_mini_loothouse, gnoll_camp_mini_hut, gnoll_camp_huts_moat,
          gnoll_camp_medium_02, gnoll_camp_mini_hut
D:8:      layout_cave_pools, nemelex_spade_bored_becter, serial_library,
          serial_library_hellmonk_narrow_alcove,
          serial_library_hellmonk_recessed_alcove,
          serial_library_hellmonk_room_b,
          serial_library_regret_index_branch_corner,
          serial_library_hellmonk_reading_circle,
          serial_library_hellmonk_small_corner,
          serial_library_hellmonk_filled_rooms,
          serial_library_hellmonk_angled_corner,
          serial_library_hellmonk_hallway_b, serial_library_regret_index_multi
D:9:      layout_small_grid, kennysheep_orc_monster_closet_entryway,
          minmay_misc_feat_diagonals, uniq_harold
D:10:     layout_loops_ring, marbit_many_paths, serial_shops, shop
D:11:     nzn_winding_woodlands_small [nzn_winding_woodlands_5x15_sidewinder,
          nzn_winding_woodlands_center_diamonds,
          nzn_winding_woodlands_5x15_cabin], layout_irregular_city,
          david_lair_generic
Temple:   minmay_temple_bridge_d
Lair:1:   lemuel_reptile_caves, layout_regular_city, lemuel_old_faithful,
          infiniplex_staircase_pool_2, uniq_gastronok, uniq_amaemon, uniq_joseph

Skill      XL: |  1  2  3  4  5  6  7  8  9 10 11 |
---------------+----------------------------------+-----
Stealth        | 3 4 5 7 8 9 10 | 10.4
Fighting       | 1 2 3 4 5 6 7 |  7.1
Dodging        | 3 4 5 6 7 |  7.5
Conjurations   | 5 |  5.8
Spellcasting   | 3 4 5 6 8 9 |  9.0
Necromancy     | 1 3 5 7 8 |  8.4

Action                     |  1- 3 |  4- 6 |  7- 9 | 10-12 || total
---------------------------+-------+-------+-------+-------++-------
  Melee: Unarmed           |    15 |    36 |    30 |       ||    81
         Constrict         |     6 |    12 |    18 |    23 ||    59
         Tentacles         |     5 |     7 |    11 |    34 ||    57
         Punch             |       |     1 |       |       ||     1
         Trident           |       |       |    48 |    94 ||   142
         Spear             |       |       |     2 |       ||     2
  Throw: Dart              |    11 |     4 |    21 |    14 ||    50
   Cast: Magic Dart        |    57 |    36 |   111 |    47 ||   251
         Searing Ray       |       |    12 |    52 |    50 ||   114
         Kiss of Death     |       |       |     3 |     3 ||     6
         Animate Dead      |       |       |     2 |     8 ||    10
         Necrotise         |       |       |     1 |     6 ||     7
         Cigotuvi's Dreadf |       |       |       |     6 ||     6
 Invoke: Unearth Wretches  |       |       |     1 |       ||     1
  Evoke: Wand              |       |       |     3 |    31 ||    34
    Use: Scroll            |       |     3 |     6 |    10 ||    19
         Potion            |       |     1 |     3 |     2 ||     6
   Stab: Sleeping          |       |     1 |     1 |     2 ||     4
         Paralysed         |       |       |     1 |       ||     1
 Armour: Skin              |    11 |    37 |   135 |   123 ||   306
  Dodge: Dodged            |     6 |    24 |   110 |   127 ||   267

Table legend: (Time is in decaauts)
 A = Elapsed time spent in this place.
 B = Non-inter-level travel time spent in this place.
 C = Inter-level travel time spent in this place.
 D = Time resting spent in this place.
 E = Time spent auto-exploring this place.
 F = Levels seen in this place.
 G = Mean time per level.
                   A        B        C        D        E       F      G
               +--------+--------+--------+--------+--------+-----+--------+
         Total |  16355 |  15866 |    489 |   5092 |   7889 |  13 | 1258.1 |
       Dungeon |  15855 |  15510 |    345 |   5022 |   7714 |  11 | 1441.4 |
        Temple |    152 |      8 |    144 |      0 |      0 |   1 |  152.0 |
          Lair |    348 |    348 |      0 |     70 |    175 |   1 |  348.0 |
               +--------+--------+--------+--------+--------+-----+--------+

Top non-repeatable levels by time:
     D:7: 2661 daAuts
    D:10: 2591 daAuts
    D:11: 1859 daAuts
     D:5: 1370 daAuts
     D:8: 1313 daAuts
     D:1: 1242 daAuts
     D:6: 1230 daAuts
     D:3: 1161 daAuts
     D:2: 1099 daAuts
     D:4: 960 daAuts
     D:9: 365 daAuts
  Lair:1: 348 daAuts
  Temple: 152 daAuts
